 Dungeon Crawl Stone Soup version 0.26-a0-648-g87339cca5e (webtiles) character file.

Game seed: 14205711660076004233

977 KennyOmg the Cleaver (level 8, -1/71 HPs)
             Began as a Hill Orc Berserker on Sept 25, 2020.
             Was a Priest of Trog.
             Shot with an arrow by a centaur (9 damage)
             ... on level 5 of the Dungeon.
             The game lasted 00:07:14 (6353 turns).

KennyOmg the Cleaver (Hill Orc Berserker)           Turns: 6353, Time: 00:07:15

Health: -1/71      AC: 10    Str: 21    XL:     8   Next: 17%
Magic:  8/8        EV:  4    Int:  8    God:    Trog [***...]
Gold:   313        SH:  0    Dex: 10    Spells: 7/7 levels left

rFire    . . .     SeeInvis .   a - +0 hand axe
rCold    . . .     Faith    .   f - +0 kite shield
rNeg     . . .     Spirit   .   h - +0 plate armour
rPois    .         Reflect  .   (no helmet)
rElec    .         Harm     .   (no cloak)
rCorr    .         Rampage  .   (no gloves)
MR       .....                  (no boots)
Stlth    ..........             (no amulet)
HPRegen  0.21/turn              (no ring)
MPRegen  0.11/turn              (no ring)

@: confused
A: no striking features
a: Berserk, Trog's Hand, Renounce Religion


You were on level 5 of the Dungeon.
You worshipped Trog.
Trog was most pleased with you.
You visited 1 branch of the dungeon, and saw 5 of its levels.

You collected 313 gold pieces.

Inventory:

Hand Weapons
 a - a +0 hand axe (weapon)
Armour
 f - a +0 kite shield (worn)
   (You found it on level 1 of the Dungeon)
 h - a +0 plate armour (worn)
   (You found it on level 1 of the Dungeon)
Wands
 d - a wand of iceblast (1)
   (You found it on level 4 of the Dungeon)
Scrolls
 b - 5 scrolls of remove curse {unknown}
 c - 3 scrolls of enchant weapon {unknown}
 e - 4 scrolls of identify {unknown}
 g - 2 scrolls of blinking {unknown}
 i - 2 scrolls of amnesia {unknown}
 j - a scroll of random uselessness {unknown}
 n - 2 scrolls of enchant armour {unknown}
 o - a scroll of teleportation {unknown}
 q - a scroll of fear {unknown}
 r - 2 scrolls of fog {unknown}
Potions
 k - 4 potions of brilliance
 l - 2 potions of might
 m - a potion of curing {unknown}
 p - a potion of magic {unknown}
 s - 2 potions of stabbing {unknown}


   Skills:
 + Level 6.6 Fighting
 * Level 9.5 Axes
 - Level 2.1 Armour
 - Level 1.5 Dodging
 + Level 4.5 Shields


You had 7 spell levels left.
You didn't know any spells.
Your spell library was empty.

Dungeon Overview and Level Annotations

Branches:
Dungeon (5/15)
 Temple: D:4-7

Altars:
Kikubaaqudgha
Okawaru
Qazlal
The Shining One


Message History

* * * LOW HITPOINT WARNING * * *
The centaur hits you but does no damage.
The centaur zaps a wand.
Your will is overpowered!
You are more confused.
You slash the centaur! You hit the centaur.
Your shield and plate armour prevent you from hitting the bullfrog skeleton.
The centaur zaps a wand.
Your will is overpowered!
You are more confused.
The bullfrog skeleton barely misses you.
The centaur zaps a wand.
Your will is overpowered!
You are more confused.
The centaur hits you but does no damage.
You barely miss the centaur. You hit the bullfrog skeleton.
The centaur hits you but does no damage.
The bullfrog skeleton hits you but does no damage.
Unknown command.
You hit the centaur. You hit the bullfrog skeleton.
The centaur hits you but does no damage.
The bullfrog skeleton hits you.
* * * LOW HITPOINT WARNING * * *
The centaur hits you.
* * * LOW HITPOINT WARNING * * *
The bullfrog skeleton hits you.
* * * LOW HITPOINT WARNING * * *
You're too confused!
The centaur wields a +0 shortbow.
The centaur shoots an arrow.
The arrow hits you.
* * * LOW HITPOINT WARNING * * *
The bullfrog skeleton hits you but does no damage.
The centaur zaps a wand.
You resist with some effort.
The now-empty wand crumbles to dust.
You see here an arrow.
You slash the bullfrog skeleton!
The bullfrog skeleton hits you but does no damage.
The centaur shoots an arrow.
The arrow barely misses you.
Unknown command.
The centaur unwields a +0 shortbow.
The centaur barely misses you. The bullfrog skeleton hits you.
* * * LOW HITPOINT WARNING * * *
The bullfrog skeleton hits you.
* * * LOW HITPOINT WARNING * * *
The centaur barely misses you.
Found 20 stones.
The centaur wields a +0 shortbow.
The centaur shoots an arrow.
The arrow hits you!
You die...

<#.##........... .# #
##)##......########.#
.#
#.##......#........#..#
#.......#.#............
#########..(......###
###.......# #.......#
#.......+ #....@.c#
#......Z#######
#.......(......
#.....######### #.....#
#.....# #.....#
.......# ##...(.


You could see a centaur and a bullfrog skeleton.

Vanquished Creatures
  Grinder (D:4)
  Menkaure (D:4)
  An ogre (D:4)
  A bullfrog (D:5)
  A scorpion (D:4)
  2 howler monkeys (D:4)
  2 orc priests (D:3)
  3 orc wizards
  2 hound skeletons (D:4)
  3 gnolls (D:4)
  A howler monkey skeleton (D:4)
  3 adders
  An ufetubus (D:5)
  5 worms
  2 dart slugs
  3 leopard geckos
  16 orcs
  11 bats
  2 giant cockroaches
  5 goblins
  12 hobgoblins
  19 jackals
  2 quokkas (D:4)
  2 ball pythons
  8 frilled lizards
  7 kobolds
  5 rats
121 creatures vanquished.

Notes
Turn   | Place    | Note
-------+----------+-------------------------------------------
     0 | D:1      | KennyOmg the Hill Orc Berserker began the quest for the
                  | Orb.
     0 | D:1      | Reached XP level 1. HP: 19/19 MP: 1/1
   387 | D:1      | Reached XP level 2. HP: 25/27 MP: 2/2
  1421 | D:2      | Found a faded altar of an unknown god.
  1449 | D:2      | Reached XP level 3. HP: 33/33 MP: 3/3
  1456 | D:2      | Reached skill level 5 in Axes
  1464 | D:2      | Reached ** piety under Trog
  1582 | D:2      | Reached skill level 1 in Shields
  1925 | D:2      | Reached XP level 4. HP: 29/40 MP: 4/4
  2574 | D:3      | Reached skill level 6 in Axes
  2576 | D:3      | Reached XP level 5. HP: 33/47 MP: 5/5
  2853 | D:3      | Reached *** piety under Trog
  3374 | D:3      | Found a stormy altar of Qazlal.
  3377 | D:3      | Found an ancient bone altar of Kikubaaqudgha.
  3377 | D:3      | Found an iron altar of Okawaru.
  3430 | D:3      | Reached skill level 5 in Fighting
  3568 | D:3      | Found a glowing golden altar of the Shining One.
  4125 | D:4      | Noticed Menkaure
  4379 | D:4      | Reached XP level 6. HP: 51/56 MP: 6/6
  4401 | D:4      | Reached skill level 7 in Axes
  4741 | D:4      | Noticed Grinder
  4751 | D:4      | Paralysed by Grinder for 7 turns
  4767 | D:4      | Killed Grinder
  4767 | D:4      | Reached skill level 8 in Axes
  4767 | D:4      | Reached XP level 7. HP: 5/62 MP: 7/7
  4767 | D:4      | HP: 3/62 [gnoll/+0 flail (4)]
  5571 | D:4      | Reached skill level 9 in Axes
  5921 | D:4      | Killed Menkaure
  5921 | D:4      | Reached XP level 8. HP: 50/71 MP: 8/8
  6289 | D:5      | Entered Level 5 of the Dungeon
  6353 | D:5      | Shot with an arrow by a centaur

Illustrated notes

Levels and vault maps discovered:
D:1:      dpeg_arrival_three_same_balls, layout_basic
D:2:      layout_basic, chequers_ecumenical_altar_twisty
D:3:      layout_basic, grunt_temple_overflow_open, lemuel_crystal_altar,
          st_stairs_4
D:4:      layout_loops_corners, grunt_tough_drop, uniq_menkaure, uniq_grinder
D:5:      layout_basic, kennysheep_mini

Skill      XL: |  1  2  3  4  5  6  7 |
---------------+----------------------+-----
Fighting       | 4 5 6 |  6.6
Axes           | 5 6 8 9 |  9.5
Shields        | 1 2 3 4 |  4.5
Armour         | |  2.1
Dodging        | |  1.5

Action                   |  1- 3 |  4- 6 |  7- 9 || total
-------------------------+-------+-------+-------++-------
Melee: Hand axe          |   138 |   271 |   116 ||   525
Invok: Berserk           |       |     2 |     2 ||     4
       Trog's Hand       |       |     1 |       ||     1
  Use: Potion            |       |     2 |       ||     2
 Stab: Sleeping          |     1 |       |       ||     1
Armor: Animal skin       |     7 |       |       ||     7
       Plate armour      |    64 |   155 |    72 ||   291
Dodge: Dodged            |    41 |    27 |    37 ||   105
Block: Kite shield       |    49 |   102 |    50 ||   201

Table legend: (Time is in decaauts)
 A = Elapsed time spent in this place.
 B = Non-inter-level travel time spent in this place.
 C = Inter-level travel time spent in this place.
 D = Time resting spent in this place.
 E = Time spent auto-exploring this place.
 F = Levels seen in this place.
 G = Mean time per level.
                   A        B        C        D        E       F      G
               +--------+--------+--------+--------+--------+-----+--------+
         Total |   6427 |   6160 |    267 |   1288 |   3894 |   5 | 1285.4 |
       Dungeon |   6427 |   6160 |    267 |   1288 |   3894 |   5 | 1285.4 |
               +--------+--------+--------+--------+--------+-----+--------+

Top non-repeatable levels by time:
     D:4: 2058 daAuts
     D:3: 1856 daAuts
     D:1: 1368 daAuts
     D:2: 1082 daAuts
     D:5: 61 daAuts
